 Dungeon Crawl Stone Soup version 0.22-a0-223-g0f5d773 (webtiles) character file.

1864 Serpenta the Conjurer (level 9, -1/45 HPs)
             Began as a Kobold Fire Elementalist on Feb 18, 2018.
             Was a Follower of Cheibriados.
             Slain by Duvessa
             ... wielding a +6 short sword of draining
              (3 damage)
             ... on level 7 of the Dungeon.
             The game lasted 00:21:46 (9190 turns).

Serpenta the Conjurer (Kobold Fire Elementalist)    Turns: 9190, Time: 00:21:47

Health: -1/45      AC:  3    Str:  7    XL:     9   Next: 35%
Magic:  7/14       EV: 21    Int: 21    God:    Cheibriados [*.....]
Gold:   320        SH:  6    Dex: 18    Spells: 2/15 levels left

rFire    . . .     SeeInvis .   i - +1 dagger (venom)
rCold    . . .     Gourm    .   n - +0 buckler
rNeg     + . .     Faith    .   a - +0 robe
rPois    .         Spirit   .   e - +0 helmet
rElec    .         Reflect  .   (no cloak)
rCorr    .         Harm     .   (no gloves)
MR       .....                  (no boots)
Stlth    +.........             (no amulet)
HPRegen  0.15/turn              j - ring of positive energy
MPRegen  0.14/turn              m - +3 ring of evasion

@: glowing, drained, very slow
A: small, carnivore
a: Bend Time, Renounce Religion


You were on level 7 of the Dungeon.
You worshipped Cheibriados.
Cheibriados was aware of your devotion.
You were very full.

You visited 2 branches of the dungeon, and saw 8 of its levels.

You collected 320 gold pieces.


Innate Abilities, Weirdness & Mutations

You are small and have problems with some larger weapons.
You are carnivorous and can eat meat at any time.


   Skills:
 * Level 6.2(5.4) Dodging
 - Level 2.6(2.0) Stealth
 + Level 3.8(3.2) Shields
 - Level 3.8(3.1) Spellcasting
 - Level 6.5(5.7) Conjurations
 - Level 6.5(5.7) Fire Magic


You had 2 spell levels left.
You knew the following spells:

 Your Spells              Type           Power        Failure   Level  Hunger
A - Flame Tongue          Conj/Fire      ####.        1%          1    None
B - Conjure Flame         Conj/Fire      ####....     4%          3    ###....
C - Sticky Flame          Conj/Fire      ####....     14%         4    ####...
D - Fireball              Conj/Fire      ####......   38%         5    ######.

Action                   |  1- 3 |  4- 6 |  7- 9 || total
-------------------------+-------+-------+-------++-------
Melee: Unarmed           |     3 |       |       ||     3
       Dagger            |    24 |    28 |   164 ||   216
       Flail             |       |    27 |       ||    27
 Cast: Flame Tongue      |    50 |    93 |    34 ||   177
       Conjure Flame     |       |     5 |     5 ||    10
       Sticky Flame      |       |     4 |    22 ||    26
       Fireball          |       |       |     1 ||     1
  Use: Scroll            |       |     7 |     2 ||     9
       Potion            |       |     2 |     1 ||     3
 Stab: Sleeping          |     3 |     1 |     2 ||     6
  Eat: Chunk             |    11 |    15 |    14 ||    40
Armor: Robe              |     8 |    11 |    13 ||    32
Dodge: Dodged            |    41 |    63 |   160 ||   264
Block: Buckler           |       |       |    13 ||    13

Inventory:

Hand Weapons
 i - a +1 dagger of venom (weapon)
Armour
 a - a +0 robe (worn)
 e - a +0 helmet (worn)
 n - a +0 buckler (worn)
Jewellery
 j - a ring of positive energy (left hand)
 m - a +3 ring of evasion (right hand)
Scrolls
 c - a scroll of enchant armour {unknown}
 f - 2 scrolls of enchant weapon {unknown}
 g - a scroll of immolation {unknown}
 h - 2 scrolls of amnesia
 k - 2 scrolls of teleportation
 p - a scroll of identify
 q - 2 scrolls of vulnerability {unknown}
Potions
 d - 2 potions of curing
 l - a potion of brilliance
 o - a potion of mutation
 r - a potion of ambrosia
Comestibles
 b - 10 rations

..#.#.#.#.#..#.# ##########.#
........#.#.##.# #<..#.###..#
..#.###.#.#.##.# ##........##
..#.....#.#.##.# #..#..####
..#####.#.#.##.#######..# ..#
#...#.##..........#
..#####.#...............#
........................#
#.#####...#.#...@e.####.#########
#...........>....e...........[...
###########.#.##.#.####..######.#
#.#.##.#.# #...#......
###.#....#.####.#.#.....(
#.....##........#.......(
#.....##........##.......
#.....##........##.......
#.....))........##..###.#


You could see Duvessa and Dowan.

Vanquished Creatures
  Sigmund (D:3)
  The ghost of braks the Skirmisher, an amateur BaAK of Lugonu (D:3)
  A water moccasin (D:5)
  An ice beast (D:7)
  2 ogres
  2 centaurs
  A bullfrog (D:6)
  A scorpion (D:4)
  2 howler monkeys
  4 crimson imps
  2 jellies (D:6)
  3 hounds
  An orc priest (D:6)
  4 orc wizards
  A centaur skeleton (D:4)
  An iguana (D:5)
  4 worker ants
  A hound zombie (D:6)
  A hound skeleton (D:5)
  A worker ant zombie (D:5)
  5 adders
  4 gnolls (D:3)
  An ooze (D:3)
  2 adder skeletons
  3 dart slugs
  4 leopard geckos
  22 orcs
  7 bats
  4 giant cockroaches
  8 goblins
  7 hobgoblins
  7 jackals
  2 quokkas
  A ball python (D:4)
  7 frilled lizards
  6 kobolds
  A quokka skeleton (D:6)
  8 rats
134 creatures vanquished.

Vanquished Creatures (others)
  A worker ant zombie (D:6)
1 creature vanquished.

Grand Total: 135 creatures vanquished

Vault maps used:
D:1:      lightli_arrival_quake
D:3:      chequers_ecumenical_altar_lobes, uniq_sigmund
D:4:      first_ration, lemuel_statue_altar
D:5:      minmay_temple_entry_statues_fountains, nemelex_dance_club_becter
D:6:      vehumet_statue, lemuel_flame_loot_1, uniq_eustachio
D:7:      marbit_many_paths, basic_altar, uniq_menkaure, uniq_duvessa
Temple:   kb_temple_of_zot


Message History

Dowan gestures at you while chanting.
You are outlined in light.
Duvessa barely misses you.
Dowan mumbles some strange words.
Dowan blinks!
Duvessa hits you with a short sword of draining!
You partially resist.
You feel drained. You block Duvessa's attack. You block Duvessa's attack.
Dowan smirks and points a slender finger.
You block Duvessa's attack.
Your magical contamination has completely faded away.
Duvessa says, "My weaknesses are his strengths!"
Duvessa hits you with a short sword of draining!
You partially resist.
You feel drained.
There is a stone staircase leading up here.
Duvessa hits you with a short sword of draining!
* * * LOW HITPOINT WARNING * * *
You partially resist.
You feel drained.
You die...

Notes
Turn   | Place    | Note
-------+----------+-------------------------------------------
     0 | D:1      | Serpenta the Kobold Fire Elementalist began the quest for the Orb.
     0 | D:1      | Reached XP level 1. HP: 10/10 MP: 3/3
   249 | D:1      | Reached XP level 2. HP: 15/15 MP: 3/5
   934 | D:2      | Reached XP level 3. HP: 17/19 MP: 3/6
   967 | D:2      | Learned a level 3 spell: Conjure Flame
  1564 | D:2      | Reached XP level 4. HP: 24/24 MP: 5/7
  2063 | D:3      | Noticed braks's ghost (amateur BaAK)
  2370 | D:3      | Noticed Sigmund
  2396 | D:5      | Entered Level 5 of the Dungeon
  2493 | D:5      | Noticed an ogre
  2740 | D:4      | Found a glowing golden altar of the Shining One.
  2811 | D:4      | Reached XP level 5. HP: 16/28 MP: 0/8
  3236 | D:3      | Learned a level 4 spell: Sticky Flame
  3829 | D:3      | Found a faded altar of an unknown god.
  4405 | D:4      | Reached XP level 6. HP: 32/32 MP: 7/9
  5343 | D:5      | Reached XP level 7. HP: 34/36 MP: 3/11
  5423 | D:5      | Noticed RoseArtemis's ghost (novice DrFE)
  5527 | D:5      | Found a staircase to the Ecumenical Temple.
  5536 | Temple   | Entered the Ecumenical Temple
  5620 | Temple   | Became a worshipper of Cheibriados the Contemplative
  5648 | D:5      | Reached skill level 5 in Conjurations
  5648 | D:5      | Reached skill level 5 in Fire Magic
  5737 | D:5      | Noticed a water moccasin
  5744 | D:5      | Killed a water moccasin
  6295 | D:5      | Reached skill level 1 in Shields
  6295 | D:5      | Reached XP level 8. HP: 24/41 MP: 6/13
  6585 | D:6      | Found a radiant altar of Vehumet.
  7380 | D:6      | Reached * piety under Cheibriados
  7606 | D:6      | Noticed Eustachio
  8144 | D:3      | Killed Sigmund
  8144 | D:3      | Reached XP level 9. HP: 35/45 MP: 9/14
  8230 | D:3      | Killed braks's ghost
  8230 | D:3      | Reached skill level 5 in Dodging
  8320 | D:7      | Found a shimmering altar of Xom.
  8395 | D:7      | Learned a level 5 spell: Fireball
  8861 | D:7      | Found a glowing golden altar of the Shining One.
  9156 | D:7      | Noticed Duvessa
  9164 | D:7      | Noticed Dowan
  9190 | D:7      | HP: 2/45 [Duvessa/short sword of draining (15)]
  9190 | D:7      | Slain by Duvessa
